 Dungeon Crawl Stone Soup version 0.11.0-15-gf11fdc6 (console) character file.

11894 deathrats the Carver (level 11, -11/92 HPs)
             Began as a Minotaur Hunter on Oct 23, 2012.
             Was an Elder of Okawaru.
             Mangled by a quicksilver dragon skeleton (16 damage)
             ... in the Abyss.
             The game lasted 00:51:01 (16806 turns).

deathrats the Carver (Minotaur Hunter)             Turns: 16806, Time: 00:51:01

HP -11/92        AC 11     Str 20      XL: 11   Next: 59%
MP   3/3         EV 11     Int  8      God: Okawaru [****..]
Gold 686         SH  0     Dex 18      Spells:  0 memorised, 10 levels left

Res.Fire  : . . .   See Invis. : .   a - +4,+2 great sword (freeze)
Res.Cold  : + . .   Warding    : .   l - +0 orc splint mail {rC+}
Life Prot.: . . .   Conserve   : .   (no shield)
Res.Poison: .       Res.Corr.  : .   (helmet restricted)
Res.Elec. : .       Clarity    : .   (no cloak)
Sust.Abil.: + .     Spirit.Shd : .   (no gloves)
Res.Mut.  : +       Stasis     : .   (no boots)
Res.Rott. : .       Ctrl.Telep.: x   I - amulet "Xykoud" {rMut Str+3 Dex+4}
Saprovore : . . .   Levitation : .   n - ring of sustain abilities {unknown} Ctrl.Flight: .
                                     K - +4 ring of evasion

@: very slightly contaminated, hasted, very quick, somewhat resistant to hostile
enchantments, extremely unstealthy
A: retaliatory headbutt, horns 2
a: Heroism, Renounce Religion


You were in the Abyss.
You worshipped Okawaru.
Okawaru was extremely pleased with you.
You were not hungry.

You visited 2 branches of the dungeon, and saw 13 of its levels.
You visited the Abyss 1 time.
You also visited: Bailey.

You collected 666 gold pieces.

Inventory:

Hand weapons
 a - a +4,+2 great sword of freezing (weapon)
 b - a +1,+1 bow
 y - a +0,+2 short sword of protection
Missiles
 c - 207 arrows
 i - 11 arrows of dispersal
 v - 26 arrows of frost
 C - 18 arrows of flame
Armour
 l - a +0 orcish splint mail of cold resistance (worn)
Magical devices
 e - a wand of fireball (5)
 B - a wand of polymorph other (5)
 G - a wand of cold (7)
 J - a wand of confusion (3)
 M - a wand of magic darts (13)
 S - a wand of frost (12)
 T - a wand of magic darts (7)
Comestibles
 f - 3 bread rations
 p - 7 rotting chunks of steam dragon flesh
 q - a banana
 w - 10 pears
Scrolls
 j - 2 scrolls of remove curse
 m - a scroll of amnesia {unknown}
 E - 3 scrolls of magic mapping
Jewellery
 g - an uncursed ring of magical power
 n - a ring of sustain abilities (right hand) {unknown}
 I - the amulet "Xykoud" (around neck) {rMut Str+3 Dex+4}
   (You took it off a hobgoblin on level 10 of the Dungeon)

   [amulet of resist mutation]

   It affects your strength (+3).
   It affects your dexterity (+4).
 K - a +4 ring of evasion (left hand)
Potions
 d - 5 potions of curing
 h - a potion of agility
 k - 2 potions of levitation
 r - a potion of degeneration {unknown}
 s - a potion of invisibility
 t - 2 potions of heal wounds
 u - 2 potions of berserk rage
 x - a potion of confusion {unknown}
 z - 3 potions of speed
 A - a potion of magic
 D - a potion of restore abilities
 F - 3 potions of cure mutation {unknown}
 H - a potion of resistance
 N - a potion of might


   Skills:
 + Level 9.9 Fighting
 - Level 5.3 Short Blades
 - Level 12.2 Long Blades
 + Level 8.4 Bows
 + Level 10.1 Armour
 - Level 2.1 Dodging
 - Level 0.7 Stealth
 + Level 6.3 Traps & Doors
 + Level 0.4 Invocations


You had 10 spell levels left.
You didn't know any spells.

Dungeon Overview and Level Annotations

Branches:
Dungeon (12/27)            Temple (1/1) D:7             Orc (0/4) D:10
   Lair: D:8-13

Altars:
Ashenzari
Cheibriados
Elyvilon
Fedhas
Kikubaaqudgha
Makhleb
Nemelex Xobeh
Okawaru
Sif Muna
Trog
Vehumet
Xom
Yredelemnul
Zin
the Shining One

Shops:
D:4: +

Portals:
Ziggurat: D:6 (4860 gp)

Annotations
D:12 Sonja


Innate Abilities, Weirdness & Mutations

You reflexively headbutt those who attack you in melee.
You have a pair of horns on your head.


Message History

Zapping:
G - a worn brass wand
Press: ? - help, Shift-Dir - straight line, f - sea snake skeleton
Aim: a sea snake skeleton The bolt of cold hits the sea snake skeleton.
The sea snake skeleton resists.
G - a wand of cold {zapped: 1} The sea snake skeleton bites you!
You slice the sea snake skeleton!!
Your headbutt misses the sea snake skeleton.
Why would you want to do that? The sea snake skeleton bites you!
* * * LOW HITPOINT WARNING * * *
The quicksilver dragon skeleton bites you.
* * * LOW HITPOINT WARNING * * *
The quicksilver dragon skeleton claws you.
* * * LOW HITPOINT WARNING * * *
The sea snake skeleton bites you!
* * * LOW HITPOINT WARNING * * *
The quicksilver dragon skeleton bites you!
You die...

##.§≈≈ ##...≈≈
# ...##
######...##
##§.##....§ #
##..###.. #
#§#≈≈.#####≈≈#
#§≈≈≈.Z.#
#≈≈≈#
#≈≈≈@z.###..≈#
#≈≈≈.#.#≈. ≈##
###.## # ≈≈##
#. ≈≈# #. . ..
≈≈ .≈4 .


You could see an orange demon (wandering), a sea snake skeleton and a
quicksilver dragon skeleton.

Vanquished Creatures
  An orc knight (Bailey)
  A hill giant (D:11)
  A cyclops (D:11)
  A deep dwarf artificer (D:11)
  A troll (D:11)
  Prince Ribbit (D:9)
  3 basilisks (D:8)
  2 hungry ghosts
  Eustachio (D:8)
  A steam dragon (D:12)
  A hippogriff (D:11)
  6 sharks (D:10)
  7 soldier ants
  Menkaure (D:7)
  2 manticores (D:11)
  A wyvern zombie (D:12)
  4 sky beasts
  5 centaurs
  4 ice beasts
  6 giant goldfish
  A crocodile (D:10)
  9 ogres
  7 giant frogs
  A water moccasin (D:9)
  A basilisk zombie (D:10)
  Blork the orc (D:6)
  A basilisk skeleton (D:11)
  An eye of draining (D:9)
  2 jellyfish (D:10)
  3 killer bees (D:10)
  5 wights (D:6)
  A big kobold zombie (D:8)
  A vampire bat (D:6)
  A big kobold skeleton (D:11)
  A goliath beetle (D:8)
  3 hounds
  8 ogre zombies (D:10)
  10 orc priests
  2 shadows
  4 crimson imps
  An iguana (D:7)
  6 orc wizards
  22 worker ants
  2 scorpions
  A worm zombie (D:7)
  2 sheep (D:11)
  5 jellies
  25 gnolls
  19 adders
  A human (D:9)
  An adder skeleton (D:7)
  An adder zombie (D:8)
  2 giant mites
  3 green rats
  3 worms
  2 grey rats (D:4)
  2 spectral bats (D:6)
  3 bat skeletons (D:6)
  A bat zombie (D:6)
  A giant eyeball (D:9)
  3 oozes
  26 orcs
  A ball python (D:1)
  34 bats
  3 fire bats (D:6)
  8 giant cockroaches
  24 goblins
  23 hobgoblins
  2 jackals (D:3)
  3 quokkas
  A bat simulacrum (D:6)
  3 giant geckos
  4 giant newts
  3 goblin skeletons (D:10)
  2 goblin zombies (D:10)
  5 hobgoblin skeletons
  5 hobgoblin zombies (D:10)
  A jackal skeleton (D:6)
  31 kobolds
  A kobold skeleton (D:6)
  4 orc skeletons
  8 orc zombies (D:10)
  A quokka skeleton (D:8)
  13 rats
  4 toadstools
429 creatures vanquished.

Vanquished Creatures (others)
  A jackal (D:3)
  An orc zombie (D:10)
  A rat (D:6)
  14 toadstools
17 creatures vanquished.

Grand Total: 446 creatures vanquished

Notes
Turn   | Place    | Note
--------------------------------------------------------------
     0 | D:1      | deathrats, the Minotaur Hunter, began the quest for the Orb.
     0 | D:1      | Reached XP level 1. HP: 17/17 MP: 0/0
    92 | D:1      | Reached skill level 1 in Short Blades
   165 | D:1      | Reached XP level 2. HP: 21/24 MP: 0/0
   470 | D:1      | Found a shattered altar of Ashenzari.
   901 | D:1      | Reached XP level 3. HP: 29/29 MP: 1/1
  1752 | D:2      | Reached XP level 4. HP: 29/36 MP: 1/1
  2367 | D:3      | Reached skill level 5 in Short Blades
  2371 | D:3      | Reached XP level 5. HP: 33/41 MP: 1/1
  2446 | D:3      | Reached skill level 1 in Armour
  2459 | D:3      | Found a glowing golden altar of the Shining One.
  2557 | D:3      | Found a white marble altar of Elyvilon.
  2894 | D:4      | Found a radiant altar of Vehumet.
  2987 | D:4      | Noticed an ogre
  3013 | D:5      | Entered Level 5 of the Dungeon
  3082 | D:5      | Reached XP level 6. HP: 16/50 MP: 2/2
  3224 | D:5      | Noticed a centaur
  3236 | D:5      | Killed a centaur
  3959 | D:6      | Found a gateway to a ziggurat.
  3976 | D:6      | Reached XP level 7. HP: 54/57 MP: 2/2
  4112 | D:6      | Reached skill level 5 in Armour
  4367 | D:6      | Got a slimy chain mail
  4379 | D:6      | Identified the cursed -3 chain mail "Strobuoju" (You found it on level 6 of the Dungeon)
  4543 | D:6      | Reached skill level 5 in Fighting
  4912 | D:6      | Noticed Blork the orc
  4926 | D:6      | Killed Blork the orc
  4926 | D:6      | Reached skill level 6 in Fighting
  5046 | D:6      | HP: 2/59 [centaur/uncursed flail (10)]
  5050 | D:6      | Reached XP level 8. HP: 13/67 MP: 2/2
  5926 | D:6      | Reached skill level 5 in Long Blades
  6059 | D:7      | Found a staircase to the Ecumenical Temple.
  6402 | Temple   | Entered the Ecumenical Temple
  6586 | Temple   | Became a worshipper of Warmaster Okawaru
  6771 | D:7      | Noticed Menkaure
  6780 | D:7      | HP: 2/67 [Menkaure (8)]
  6781 | D:7      | Killed Menkaure
  6781 | D:7      | Reached skill level 7 in Long Blades
  7195 | D:7      | Reached XP level 9. HP: 64/73 MP: 3/3
  7496 | D:4      | Killed an ogre
  7496 | D:4      | Reached skill level 8 in Long Blades
  8140 | D:4      | Found Odis' Book Emporium.
  8310 | D:4      | Acquired Okawaru's first power
  8558 | D:8      | Reached skill level 9 in Long Blades
  8626 | D:8      | Reached skill level 10 in Long Blades
  8777 | D:8      | Noticed Eustachio
  8789 | D:8      | Killed Eustachio
  9365 | D:8      | Reached skill level 1 in Traps & Doors
  9877 | D:9      | Noticed Prince Ribbit
  9891 | D:9      | Killed Prince Ribbit
  9891 | D:9      | Reached skill level 5 in Bows
  9891 | D:9      | Reached XP level 10. HP: 51/81 MP: 3/3
 10682 | D:9      | Found a flagged portal.
 10703 | Bailey   | Entered a bailey
 11052 | Bailey   | Noticed an orc knight
 11084 | Bailey   | Reached skill level 11 in Long Blades
 11247 | Bailey   | Killed an orc knight
 11584 | D:9      | Noticed a queen ant
 11633 | D:8      | HP: 4/82 [poisoned by a soldier ant]
 12783 | D:10     | Entered Level 10 of the Dungeon
 13117 | D:10     | Noticed a hill giant
 13243 | D:9      | Paralysed by a giant eyeball for 3 turns
 13779 | D:10     | Found a staircase to the Orcish Mines.
 13864 | D:10     | Got a crude bronze amulet
 14069 | D:10     | Reached skill level 5 in Traps & Doors
 14069 | D:10     | Reached XP level 11. HP: 34/90 MP: 3/3
 14850 | D:10     | Identified the amulet "Xykoud" (You took it off a hobgoblin on level 10 of the Dungeon)
 15011 | D:10     | Reached skill level 12 in Long Blades
 15509 | D:11     | Noticed a hill giant
 15543 | D:11     | Killed a hill giant
 15675 | D:11     | Received a gift from Okawaru
 16140 | D:11     | Reached skill level 10 in Armour
 16650 | D:12     | Noticed Sonja
 16651 | D:12     | Cast into the Abyss (Sonja)
 16681 | Abyss    | Noticed a lich
 16713 | Abyss    | Noticed a skeletal warrior
 16713 | Abyss    | Noticed a skeletal warrior
 16714 | Abyss    | Noticed a skeletal warrior
 16772 | Abyss    | Noticed a quicksilver dragon skeleton
 16776 | Abyss    | Noticed a skeletal warrior
 16776 | Abyss    | Noticed a skeletal warrior
 16806 | Abyss    | Mangled by a quicksilver dragon skeleton
